 Dungeon Crawl Stone Soup version 0.31-a0-358-gac0dbeb3ab (webtiles) character file.

Game seed: 6391319652176544283

552 pokeman the Magician (level 7, 0/40 HPs)
             Began as a Deep Elf Hedge Wizard on July 25, 2023.
             Succumbed to a scorpion's poison
             ... on level 5 of the Dungeon.
             The game lasted 00:06:59 (4745 turns).

pokeman the Magician (Deep Elf Hedge Wizard)        Turns: 4745, Time: 00:07:00

Health: 0/40       AC:  3    Str:  7    XL:     7   Next: 8%
Magic:  17/20      EV: 13    Int: 21    God:
Gold:   172        SH:  0    Dex: 14    Spells: 13/21 levels left

rFire   . . .        a - +1 trident (venom)
rCold   . . .        (no shield)
rNeg    . . .        b - +0 robe
rPois   .            p - +0 helmet
rElec   .            (no cloak)
rCorr   .            (no gloves)
SInv    .            (no boots)
Will    .....        q - amulet of magic regeneration
Stlth   +            (no ring)
HPRegen 0.26/turn    (no ring)
MPRegen 0.57/turn

%: no passive effects
@: confused, mighty, lethally poisoned (0 -> -2)
A: no striking features
a: no special abilities


You were on level 5 of the Dungeon.
You visited 1 branch of the dungeon, and saw 5 of its levels.

You collected 172 gold pieces.

Inventory:

Hand Weapons
 a - a +1 trident of venom (weapon)
Armour
 b - a +0 robe (worn)
 p - a +0 helmet (worn)
Jewellery
 q - an amulet of magic regeneration (around neck)
 r - a ring of ice
Scrolls
 c - a scroll of amnesia {unknown}
 g - 5 scrolls of identify {unknown}
 j - 2 scrolls of poison {unknown}
 k - 4 scrolls of teleportation {unknown}
 l - 2 scrolls of revelation {unknown}
 m - a scroll of enchant armour {unknown}
 n - a scroll of blinking {unknown}
 o - a scroll of immolation {unknown}
Potions
 d - 2 potions of magic
 e - a potion of heal wounds {unknown}
 f - a potion of might
 h - 4 potions of curing {unknown}
 i - 3 potions of mutation {unknown}


   Skills:
 + Level 2.1 Fighting
 - Level 1.0 Armour
 - Level 3.0 Dodging
 - Level 3.1 Stealth
 * Level 7.9 Spellcasting
 + Level 3.8 Conjurations
 - Level 1.1 Summonings
 - Level 1.1 Translocations
 - Level 1.0 Air Magic
 - Level 1.0 Poison Magic


You had 13 spell levels left.
You knew the following spells:

 Your Spells              Type           Power      Damage    Failure   Level
a - Magic Dart            Conj           96%        1d7       1%          1
b - Mephitic Cloud        Conj/Pois/Air  16%        N/A       11%         3
c - Call Imp              Summ           26%        N/A       8%          2
d - Blink                 Tloc           26%        N/A       8%          2

Your spell library contained the following spells:

 Spells                   Type           Power      Damage    Failure   Level
 Sting                    Tmut/Pois      40%        1d5       7%          1
 Poisonous Vapours        Pois/Air       24%        N/A       8%          2
 Slow                     Hex            32%        N/A       9%          1
 Cigotuvi's Dreadful Rot  Necr/Pois/Air  22%        N/A       10%         2
 Confusing Touch          Hex            8%         N/A       24%         3
 Vampiric Draining        Necr           8%         2d6       24%         3
 Olgreb's Toxic Radiance  Pois           12%        N/A       47%         4


Dungeon Overview and Level Annotations

Branches:
Dungeon (5/15)
 Temple: D:4-7

Altars:
Hepliaklqana

Shops:
D:1 [


Message History

You feel very sick. The hound closely misses you. The hound bites you.
An orc comes into view. It is wielding a +0 hand axe.
Unknown command.
You hit the scorpion.
The scorpion is poisoned.
The scorpion is heavily wounded.
You feel sick. The hound bites you.
The scorpion stings you but does no damage.
The hound barely misses you. The scorpion stings you.
Unknown command.
The hound attacks as you move away! The hound completely misses you.
You feel sick. The hound barely misses you.
You feel sick. The hound bites you.
* * * LOW HITPOINT WARNING * * *
Casting: Mephitic Cloud (quite dangerous; 11% risk of failure)
Confirm with . or Enter, or press ? or * to list all spells.
The spell is quite dangerous to miscast (11% risk of failure)!
Continue anyway?
Aiming: Mephitic Cloud (quite dangerous; 11% risk of failure)
Press: ? - help, Shift-Dir - straight line, f - hound
Aim: a hound (chance to affect: 86%) That beam is likely to hit you.
Continue anyway?
The ball explodes into a vile cloud!
The stinking cloud engulfs the hound but does no damage.
The stinking cloud engulfs you but does no damage.
You are engulfed in noxious fumes.
You choke on the stench!
You are confused.
You feel sick.
You hear a shout!
You kill the scorpion!
The hound is engulfed in noxious fumes.
The hound bites you.
* * * LOW HITPOINT WARNING * * *
The hound is engulfed in noxious fumes.
The hound appears confused.
The hound closely misses you.
Your Fighting skill increases to level 2!
You have reached level 7!
It was a potion of might.
You feel very mighty all of a sudden.
You are engulfed in noxious fumes.
You choke on the stench!
You are more confused.
You die...

#.# ##### #.#
.. #...####.#
.. #.#......#
.# #.
#.######## ...
#. #.# .. #.
#.#
#.#/#.#######.#
#.....☼@)...^#
#....○h#######
#....○..#
#....o†.#
#.......#
#.......#
#.......#
#.##.#### #. ..


You could see a hound (confused) and an orc.

Vanquished Creatures
  A scorpion (D:5)
  2 howler monkeys (D:4)
  2 jellies
  3 orc priests
  An iguana (D:4)
  3 gnolls (D:4)
  10 adders
  A white imp (D:5)
  3 dart slugs
  7 orcs
  2 bats
  10 endoplasms
  2 giant cockroaches
  15 goblins
  8 hobgoblins
  8 jackals
  3 quokkas
  8 ball pythons
  4 frilled lizards
  9 kobolds
  4 rats
106 creatures vanquished.

Vanquished Creatures (others)
  Robin (D:3)
1 creature vanquished.

Grand Total: 107 creatures vanquished

Notes
Turn   | Place    | Note
-------+----------+-------------------------------------------
     0 | D:1      | pokeman the Deep Elf Hedge Wizard began the quest for the
                  | Orb.
     0 | D:1      | Reached XP level 1. HP: 10/10 MP: 7/7
    24 | D:1      | Found Vetean's Antique Armour Shop.
   304 | D:1      | Reached XP level 2. HP: 16/16 MP: 6/9
   874 | D:1      | Reached skill level 5 in Spellcasting
  1217 | D:2      | Reached XP level 3. HP: 20/20 MP: 7/11
  1221 | D:2      | Learned a level 3 spell: Mephitic Cloud
  1224 | D:2      | Learned a level 2 spell: Call Imp
  1227 | D:2      | Learned a level 2 spell: Blink
  1444 | D:2      | Found a hazy altar of Hepliaklqana.
  1632 | D:2      | Reached skill level 1 in Fighting
  1747 | D:2      | Reached skill level 1 in Armour
  2082 | D:3      | Reached XP level 4. HP: 25/25 MP: 7/13
  2285 | D:3      | Noticed Robin
  2339 | D:3      | Killed Robin
  2954 | D:4      | Reached skill level 6 in Spellcasting
  2954 | D:4      | Reached XP level 5. HP: 25/29 MP: 10/15
  3552 | D:4      | Reached skill level 1 in Poison Magic
  3670 | D:4      | Reached skill level 1 in Air Magic
  3670 | D:4      | Reached XP level 6. HP: 34/34 MP: 10/17
  3767 | D:4      | Reached skill level 7 in Spellcasting
  4424 | D:5      | Entered Level 5 of the Dungeon
  4744 | D:5      | HP: 1/35 [hound (3)]
  4745 | D:5      | Reached XP level 7. HP: 1/40 MP: 17/20
  4745 | D:5      | Succumbed to a scorpion's poison

Illustrated notes

Levels and vault maps discovered:
D:1:      nzn_arrival_crosshair, layout_basic, serial_shops, shop,
          minmay_fountain_box
D:2:      layout_rooms, basic_altar
D:3:      layout_rooms, serial_corexii_hall, corexii_hall_statues_u,
          corexii_hall_statues_l, uniq_robin
D:4:      layout_loops_corners, hangedman_decor_peaks_small,
          minmay_snake_closets
D:5:      minmay_chambers_of_fours, layout_loops_ring, corner_web_ring,
          due_unseen_surprise, uniq_grinder, uniq_crazy_yiuf_cottage,
          uniq_eustachio

Skill      XL: |  1  2  3  4  5  6 |
---------------+-------------------+-----
Spellcasting   | 5 6 7 |  7.9
Fighting       | 1 2 |  2.1
Armour         | 1 |  1.0
Conjurations   | 2 3 |  3.8
Stealth        | 3 |  3.1
Dodging        | 3 |  3.0
Poison Magic   | 1 |  1.0
Air Magic      | 1 |  1.0
Summonings     | |  1.1
Translocations | |  1.1

Action                     |  1- 3 |  4- 6 |  7- 9 || total
---------------------------+-------+-------+-------++-------
  Melee: Dagger            |     7 |     4 |       ||    11
         Trident           |       |    33 |       ||    33
   Cast: Magic Dart        |   113 |   134 |       ||   247
         Mephitic Cloud    |       |     9 |       ||     9
    Use: Potion            |       |       |     1 ||     1
   Stab: Distracted        |     1 |       |       ||     1
         Confused          |       |     8 |       ||     8
 Armour: Robe              |     5 |     6 |       ||    11
  Dodge: Dodged            |     9 |    48 |       ||    57

Table legend: (Time is in decaauts)
 A = Elapsed time spent in this place.
 B = Non-inter-level travel time spent in this place.
 C = Inter-level travel time spent in this place.
 D = Time resting spent in this place.
 E = Time spent auto-exploring this place.
 F = Levels seen in this place.
 G = Mean time per level.
                   A        B        C        D        E       F      G
               +--------+--------+--------+--------+--------+-----+--------+
         Total |   4752 |   4595 |    157 |     59 |   3974 |   5 |  950.4 |
       Dungeon |   4752 |   4595 |    157 |     59 |   3974 |   5 |  950.4 |
               +--------+--------+--------+--------+--------+-----+--------+

Top non-repeatable levels by time:
     D:4: 1577 daAuts
     D:1: 1133 daAuts
     D:2: 871 daAuts
     D:3: 845 daAuts
     D:5: 325 daAuts
